 Dungeon Crawl Stone Soup version 0.30.1-11-g7821555f0a (webtiles) character file.

Game seed: 7628441883509599662

267359 Kallu the Hoplite (level 20, -3/146 (164) HPs)
             Began as a Formicid Fighter on Jan 15, 2024.
             Was a Follower of Uskayaw.
             Killed from afar by a deep elf death mage (33 damage)
             ... with a bolt of negative energy
             ... on level 3 of the Elven Halls on Jan 18, 2024.
             The game lasted 01:31:58 (37116 turns).

Kallu the Hoplite (Formicid Fighter)               Turns: 37116, Time: 01:31:58

HP:   -3/146 (164)  AC: 31    Str: 38    XL:     20   Next: 96%
MP:   27/31         EV: 11    Int:  7    God:    Uskayaw [*.....]
Gold: 3467          SH: 22    Dex: 23    Spells: 19/19 levels left

rFire   . . .        a - +7 battleaxe (freeze)
rCold   + . .        c - +3 kite shield of the New World {Drain Dex+5}
rNeg    . . .        K - +2 plate armour {rF+}
rPois   +            (helmet unavailable)
rElec   .            I - +2 cloak
rCorr   +            J - +2 pair of gloves {Str+3}
SInv    +            t - +3 pair of boots "Tytrank" {Rampage}
Will    ++...        E - amulet of faith Stlth
                     q - ring "Qacextaw" {Str+4 Slay+4}
HPRegen 0.44/turn    Z - ring of the Peasants {Ice rPois rCorr Dex+5 Stlth-}
MPRegen 0.22/turn

%: rampage, faith
@: studying Short Blades, heavily drained
A: permanent stasis, dig shafts and tunnels, antennae 3, four strong arms
}: 2/15 runes: decaying, gossamer
a: Dig, Shaft Self, Renounce Religion, Stomp


You were on level 3 of the Elven Halls.
You worshipped Uskayaw.
Uskayaw was pleased with you.
You visited 7 branches of the dungeon, and saw 34 of its levels.
You visited 1 bazaar.
You also visited: Ice Cave and Volcano.

You collected 3663 gold pieces.
You spent 196 gold pieces at shops.

Inventory:

Hand Weapons
 a - a +7 battleaxe of freezing (weapon)
 b - a +4 dire flail
Missiles
 x - 3 throwing nets
 P - 7 javelins
Armour
 c - the +3 kite shield of the New World (worn) {Drain Dex+5}
   (You acquired it on level 11 of the Dungeon)

   Dex:       It affects your dexterity (+5).
   Drain:     It drains your maximum health when unequipped.
 t - the +3 pair of boots "Tytrank" (worn) {Rampage}
   (You found it on level 4 of the Dungeon)

   Rampage:   It bestows one free step when moving towards enemies.
 I - a +2 cloak (worn)
 J - a +2 pair of gloves of strength (worn)
 K - a +2 plate armour of fire resistance (worn)
Jewellery
 q - the ring "Qacextaw" (left hand) {Str+4 Slay+4}
   (You found it on level 14 of the Dungeon)

   [ring of slaying]

   Str:       It affects your strength (+4).
   Slay:      It affects your accuracy & damage with ranged weapons and melee
   (+4).
 E - an amulet of faith (around neck)
 F - an amulet of regeneration
 G - a ring of resist corrosion
 H - a +5 ring of evasion
 N - a ring of protection from fire
 U - a ring of protection from cold
 W - a +4 ring of protection
 Z - the ring of the Peasants (right hand) {Ice rPois rCorr Dex+5 Stlth-}
   (You found it on level 13 of the Dungeon)

   [ring of ice]

   It enhances your ice magic.
   Dex:       It affects your dexterity (+5).
   rF:        It makes you vulnerable to fire.
   rC:        It protects you from cold.
   rPois:     It protects you from poison.
   rCorr:     It protects you from acid and corrosion.
   Stlth:     It makes you less stealthy.
Wands
 l - a wand of quicksilver (22)
 p - a wand of digging (24)
 D - a wand of flame (31)
 L - a wand of polymorph (17)
 M - a wand of iceblast (13) (quivered)
 O - a wand of charming (25)
 T - a wand of mindburst (16)
Scrolls
 e - 3 scrolls of enchant weapon
 o - 9 scrolls of poison
 r - 7 scrolls of fear
 s - 4 scrolls of fog
 w - a scroll of silence
 y - 8 scrolls of magic mapping
 z - 3 scrolls of enchant armour
 B - 6 scrolls of vulnerability
 Y - 4 scrolls of brand weapon
Potions
 d - 8 potions of might
 g - 6 potions of brilliance
 h - 13 potions of curing
 i - 11 potions of ambrosia
 j - 7 potions of lignification
 n - 6 potions of attraction
 u - 7 potions of flight
 C - 4 potions of mutation
 Q - 3 potions of invisibility
 R - 2 potions of resistance
 S - a potion of cancellation
 V - 4 potions of magic
Miscellaneous
 f - a phial of floods
 m - a tin of tremorstones (2/2)
 v - a box of beasts
 A - a phantom mirror


   Skills:
 - Level 16.0 Fighting
 - Level 20.0 Axes
 - Level 16.0 Armour
 - Level 3.0 Dodging
 - Level 5.0 Stealth
 + Level 24.3 Shields
 - Level 15.0 Invocations
 - Level 8.0 Evocations


You had 19 spell levels left.
You didn't know any spells.
Your spell library contained the following spells:

 Spells                   Type           Power      Damage    Failure   Level
 Beastly Appendage        Tmut           0%         N/A       88%         1
 Kiss of Death            Conj/Necr      0%         2d5       88%         1
 Magic Dart               Conj           0%         1d3       88%         1
 Sandblast                Erth           0%         2d4       88%         1
 Slow                     Hex            0%         N/A       88%         1
 Call Imp                 Summ           0%         N/A       95%         2
 Cigotuvi's Dreadful Rot  Necr/Pois/Air  0%         N/A       95%         2
 Ensorcelled Hibernation  Hex/Ice        0%         N/A       95%         2
 Passwall                 Tmut/Erth      0%         N/A       95%         2
 Wereblood                Tmut           0%         N/A       95%         2
 Call Canine Familiar     Summ           0%         N/A       99%         3
 Confusing Touch          Hex            0%         N/A       99%         3
 Dazzling Flash           Conj/Hex       0%         N/A       99%         3
 Gell's Gravitas          Tloc           0%         N/A       99%         3
 Ignite Poison            Fire/Tmut/Pois 0%         N/A       99%         3
 Mephitic Cloud           Conj/Pois/Air  0%         N/A       99%         3
 Portal Projectile        Hex/Tloc       0%         N/A       99%         3
 Spider Form              Tmut/Pois      0%         N/A       99%         3
 Stone Arrow              Conj/Erth      0%         3d7       99%         3
 Summon Guardian Golem    Hex/Summ       0%         N/A       99%         3
 Teleport Other           Tloc           0%         N/A       99%         3
 Tukima's Dance           Hex            0%         N/A       99%         3
 Vampiric Draining        Necr           0%         2d6       99%         3
 Volatile Blastmotes      Fire/Tloc      0%         2d10      99%         3
 Anguish                  Hex/Necr       0%         N/A       100%        4
 Animate Dead             Necr           0%         N/A       100%        4
 Dispel Undead            Necr           0%         3d6       100%        4
 Fulminant Prism          Conj/Hex       0%         3d5       100%        4
 Iskenderun's Mystic Bla  Conj/Tloc      0%         2d3       100%        4
 Leda's Liquefaction      Hex/Erth       0%         N/A       100%        4
 Passage of Golubria      Tloc           0%         N/A       100%        4
 Sticky Flame             Conj/Fire      0%         2d3       100%        4
 Agony                    Necr           0%         N/A       100%        5
 Blade Hands              Tmut           0%         N/A       100%        5
 Borgnjor's Vile Clutch   Necr/Erth      0%         N/A       100%        5
 Freezing Cloud           Conj/Ice/Air   0%         6-21      100%        5
 Lee's Rapid Deconstruct  Erth           0%         3d4*      100%        5
 Silence                  Hex/Air        0%         N/A       100%        5
 Yara's Violent Unravell  Hex/Tmut       0%         3d3       100%        5
 Death Channel            Necr           0%         N/A       100%        6
 Dispersal                Tloc           0%         N/A       100%        6
 Plasma Beam              Fire/Air       0%         2x1d11    100%        6
 Starburst                Conj/Fire      0%         6d3       100%        6
 Orb of Destruction       Conj           0%         9d5       100%        7
 Spellforged Servitor     Conj/Summ      0%         N/A       100%        7
 Storm Form               Tmut/Air       0%         N/A       100%        7
 Ignition                 Fire           0%         3d3       100%        8
 Chain Lightning          Conj/Air       0%         N/A       100%        9
 Fire Storm               Conj/Fire      0%         5d1       100%        9
 Shatter                  Erth           0%         3d5*      100%        9


Dungeon Overview and Level Annotations

Branches:
Dungeon (15/15)            Temple (1/1) D:7            Lair (5/5) D:10
  Swamp (4/4) Lair:3       Spider (4/4) Lair:3        Slime (0/5) Lair:5
    Orc (2/2) D:11            Elf (3/3) Orc:2        Vaults (0/5) D:14
 Depths (0/4) D:15          IceCv (visited)         Volcano (visited)

Altars:
Ashenzari
Cheibriados
Dithmenos
Elyvilon
Fedhas
Gozag
Hepliaklqana
Kikubaaqudgha
Makhleb
Nemelex Xobeh
Okawaru
Qazlal
Ru
Sif Muna
Trog
Uskayaw
Vehumet
Wu Jian
Xom
Yredelemnul
Zin
The Shining One
Jiyva

Shops:
D:5 *[:   D:10 *   D:15 *   Orc:2 **[[*   Elf:1 =

Annotations:
D:3 Sigmund
Lair:4 exclusion: 2 oklob plants
Swamp:1 3 runed translucent doors, Condegh's ghost, journeyman TrMo
Elf:2 exclusion: orange crystal statue


Innate Abilities, Weirdness & Mutations

You cannot be hasted, slowed, berserked, paralysed or teleported.
You can dig through walls and to a lower floor.
You have a pair of large antennae on your head. (SInv)
Your four strong arms can wield two-handed weapons with a shield.


Message History

A deep elf high priest comes into view.
It is wielding a +0 short sword of speed.
Items here: $ ))) [ †.
You slash the deep elf pyromancer! You freeze the deep elf pyromancer!
The deep elf pyromancer is severely wounded.
You block the deep elf pyromancer's attack.
The deep elf sorcerer howls an incantation.
You feel disoriented.
The deep elf high priest utters a dark prayer and points at you.
Your life force is offered up.
The deep elf pyromancer is healed.
You can now pass through a line of other dancers.
You slice the deep elf pyromancer!! You freeze the deep elf pyromancer!
You kill the deep elf pyromancer!
A deep elf demonologist comes into view.
It is wielding a +3 battleaxe of freezing.
The deep elf high priest utters an invocation to its god.
The deep elf high priest begins emitting a brilliant aura!
The deep elf demonologist is empowered by the deep elf high priest's aura!
The deep elf demonologist shouts!
The deep elf sorcerer gestures at you while chanting.
You easily resist.
The deep elf demonologist gestures wildly while chanting.
Things that are here:
a +0 long sword; a +0 ring mail; an elf corpse
Items here: ))) [ †.
Items here: ) ? [ †.
The deep elf death mage casts a spell at you.
The bolt of negative energy hits you!!!
You feel drained.
* * * LOW HITPOINT WARNING * * *
Okay, then.
As you read the scroll of fog, it crumbles to dust.
The scroll dissolves into smoke.
Things that are here:
a +0 leather armour; a +0 rapier You see here a +0 dagger.
You can no longer pass through a line of other dancers.
The deep elf death mage beckons forth a restless soul!
Okay, then.
Unknown command.
The deep elf death mage casts a spell at you.
The bolt of negative energy hits you!!
You feel drained.
You die...

.....#{e#....,,,******,,,,*
....##){#*,,.,***,,,,***{,*
####*#§{#******,,,,,,,,**+*
#§§# *{,,,,,,,,,,* #§§###
***,,,,******
##§§#.########**** ##
##§§§e.#.#....##### ###.
#..§§§.*e.........# #...
#.[)§..###...@#'#'# ###.
#.###### ######.8.# ## #)#
###...### #[# ##.......##
#.# ##..)......## #.#
##.).........## #.#
##..)##...##...## #)#
#...###.8.###...# ###.#
##).####...####..##


You could see a deep elf death mage (empowered) and a lost soul (summoned).

Vanquished Creatures
  Rupert (D:14)
  A tentacled monstrosity (Swamp:4)
  A deep elf blademaster (Elf:3)
  A deep elf master archer (Elf:3)
  4 thorn hunters
  Frances (D:14)
  Agnes (Spider:2)
  Kirke (D:14)
  A fenstrider witch (Swamp:1)
  A fire giant (D:13)
  An iron dragon (D:13)
  9 deep elf sorcerers (Elf:3)
  2 emperor scorpions
  3 deep elf elementalists (Elf:3)
  Louise (Swamp:1)
  5 ghost moths
  A ghoul (Swamp:3)
  An orc warlord (Orc:2)
  4 broodmothers
  3 reapers (IceCv)
  A stone giant (D:15)
  A deep elf demonologist (Elf:3)
  4 bunyips
  4 eleionomae
  3 deep elf annihilators
  A spark wasp (Spider:4)
  A dire elephant (Lair:5)
  8 deep elf death magi (Elf:3)
  Josephine (Spider:1)
  5 deep elf high priests (Elf:3)
  6 entropy weavers
  Harold (Lair:2)
  3 vault guards (D:14)
  Fannar (D:12)
  23 hydras
  An ice dragon (Spider:4)
  2 radroaches (Spider:4)
  4 ghost crabs
  2 centaur warriors (D:13)
  A jorogumo (Spider:1)
  A catoblepas (Lair:5)
  An ogre mage (D:15)
  10 boulder beetles
  8 two-headed ogres
  A death yak (Lair:2)
  3 tengu warriors (D:15)
  11 dancing weapons
  4 alligators
  3 orc high priests (Orc:2)
  11 deep elf knights
  2 sun moths (Spider:4)
  4 skeletal warriors (D:12)
  11 pharaoh ants
  6 spriggan druids
  4 goliath frogs
  12 deep elf archers
  5 orb spiders
  14 swamp dragons
  2 wizards (D:15)
  5 bog bodies
  13 steelbarb worms
  28 deep elf pyromancers
  5 lindwurms
  6 orc knights
  An oklob plant (Lair:1)
  6 will-o-the-wisps
  24 deep elf zephyrmancers
  An obsidian statue (IceCv)
  4 orc sorcerers (Orc:2)
  13 wolf spiders
  4 manticores
  6 ugly things
  3 cyclopes
  6 moths of wrath
  A toenail golem (Volcano)
  3 elephants (Lair:5)
  12 demonic crawlers
  5 black mambas
  3 molten gargoyles (Volcano)
  A gargoyle (D:12)
  10 torpor snails
  8 komodo dragons
  9 cane toads
  9 rime drakes
  Psyche (D:12)
  A kobold demonologist (D:13)
  2 unseen horrors
  10 freezing wraiths
  2 efreet (Volcano)
  3 ice devils
  5 meliai (Spider:4)
  3 trolls
  21 polar bears
  30 tarantellas
  9 tyrant leeches
  2 hornets
  3 raiju (Lair:5)
  4 dream sheep (Lair:4)
  19 blink frogs
  2 air elementals (Elf:1)
  13 slime creatures
  20 jumping spiders
  18 culicivoras
  5 spriggans
  2 dire elephant simulacra
  A vampire (D:13)
  6 water elementals
  7 wraiths
  33 yaks
  6 fire elementals
  7 wyverns
  2 basilisks
  5 hogs (D:14)
  10 vampire mosquitoes
  2 steam dragons
  9 humans (D:14)
  46 redbacks
  4 minotaur simulacra (IceCv)
  10 wargs
  16 swamp worms
  12 water moccasins
  3 acid dragons
  2 hydra simulacra (IceCv)
  A floating eye (Lair:4)
  16 hell hounds
  3 sky beasts
  18 black bears
  27 orc warriors
  7 swamp drakes
  2 alligator simulacra (IceCv)
  2 ice beasts (D:5)
  23 wolves
  4 ogres
  A phantom (D:5)
  5 centaurs
  2 kobold brigands (D:8)
  4 necrophages (Swamp:3)
  12 bullfrogs
  3 two-headed ogre simulacra (Lair:2)
  6 deep troll simulacra (IceCv)
  5 earth elementals
  An entropy weaver simulacrum (Lair:2)
  3 scorpions
  9 wights
  5 killer bees (D:9)
  2 lindwurm simulacra (IceCv)
  3 electric eels
  3 howler monkeys (D:7)
  9 jellies
  2 hounds
  15 orc priests
  Crazy Yiuf (D:6)
  22 orc wizards
  Terence (D:3)
  4 iguanas
  2 sleepcaps (D:7)
  Natasha (thrice) (D:4)
  2 spriggan simulacra
  6 adders
  6 gnolls
  2 shadow imps (D:6)
  A white imp (Lair:2)
  An ufetubus (D:6)
  6 worms
  3 dart slugs
  69 orcs
  4 ball pythons
  5 endoplasms
  4 giant cockroaches
  11 goblins
  6 hobgoblins
  2 quokkas
  4 bats
  3 frilled lizards
  31 kobolds
  5 rats
  2 fire vortices (Volcano)
1170 creatures vanquished.

Vanquished Creatures (others)
  A ghost moth (Spider:4)
  An eleionoma (Swamp:2)
  A demonic crawler (Spider:2)
  2 bloated husks
  A human (D:14)
  2 redbacks (Spider:2)
  A swamp worm (Swamp:2)
  An orc (D:7)
  2 fire vortices (Volcano)
  28 foxfires
40 creatures vanquished.

Grand Total: 1210 creatures vanquished

Notes
Turn   | Place    | Note
-------+----------+-------------------------------------------
     0 | D:1      | Kallu the Formicid Fighter began the quest for the Orb.
     0 | D:1      | Reached XP level 1. HP: 18/18 MP: 1/1
   108 | D:1      | Reached XP level 2. HP: 21/24 MP: 2/2
   344 | D:1      | Reached XP level 3. HP: 25/29 MP: 3/3
   695 | D:2      | Found a shimmering altar of Xom.
   757 | D:2      | Reached XP level 4. HP: 35/35 MP: 4/4
  1209 | D:3      | Found a faded altar of an unknown god.
  1209 | D:3      | Noticed Sigmund
  1215 | D:3      | Found a shimmering blue altar of Sif Muna.
  1321 | D:3      | Reached skill level 5 in Axes
  1321 | D:3      | Reached XP level 5. HP: 26/41 MP: 5/5
  1506 | D:3      | Noticed Terence
  1510 | D:3      | Killed Terence
  1897 | D:3      | Found a glowing golden altar of the Shining One.
  1974 | D:4      | Reached XP level 6. HP: 38/47 MP: 6/6
  1988 | D:4      | Identified the +3 pair of boots "Tytrank" {Rampage}
  2102 | D:4      | Noticed Natasha
  2108 | D:4      | Killed Natasha
  2155 | D:4      | You fall into a shaft and drop 1 floor!
  2155 | D:5      | Entered Level 5 of the Dungeon
  2229 | D:5      | Noticed an ice beast
  2236 | D:5      | Killed an ice beast
  2237 | D:5      | Reached XP level 7. HP: 52/52 MP: 7/7
  2445 | D:4      | Noticed Natasha
  2454 | D:4      | Killed Natasha
  2459 | D:4      | Noticed Natasha
  2465 | D:4      | Killed Natasha
  3060 | D:5      | Found Qate's Book Emporium.
  3088 | D:5      | Found Mojoj's General Store.
  3092 | D:5      | Reached XP level 8. HP: 45/59 MP: 8/8
  3146 | D:5      | Bought a potion of curing for 33 gold pieces
  3205 | D:5      | Reached skill level 5 in Fighting
  3384 | D:5      | Found Zoipeh's Antique Armour Shop.
  3505 | D:5      | Reached skill level 5 in Armour
  3550 | D:5      | Found a bloodstained altar of Trog.
  3756 | D:6      | Reached XP level 9. HP: 65/68 MP: 9/9
  3838 | D:6      | Found the +1 Delatra's gloves {ID++}
  4097 | D:6      | Found an iron altar of Okawaru.
  4142 | D:6      | Reached skill level 10 in Axes
  4142 | D:6      | Reached skill level 1 in Evocations
  4514 | D:6      | Found a runed translucent door.
  4515 | D:6      | Noticed Crazy Yiuf
  4525 | D:6      | Killed Crazy Yiuf
  4704 | D:7      | Identified the +1 robe of the Eternal Fruit {Fly rF- rN+
                  | Will+}
  4723 | D:7      | Noticed a hornet
  4728 | D:7      | Killed a hornet
  4917 | D:7      | Found a staircase to the Ecumenical Temple.
  4926 | Temple   | Entered the Ecumenical Temple
  4936 | Temple   | Became a worshipper of Uskayaw the Reveller
  5041 | D:7      | Reached * piety under Uskayaw
  5044 | D:7      | Reached ** piety under Uskayaw
  5045 | D:7      | Reached skill level 1 in Invocations
  5047 | D:7      | Reached *** piety under Uskayaw
  5049 | D:7      | Reached **** piety under Uskayaw
  5057 | D:7      | Reached ***** piety under Uskayaw
  5067 | D:7      | Reached XP level 10. HP: 65/74 MP: 0/11
  6192 | D:8      | Reached skill level 5 in Invocations
  6898 | D:9      | Noticed a two-headed ogre
  6907 | D:9      | Killed a two-headed ogre
  7075 | D:9      | Found a radiant altar of Vehumet.
  7888 | D:9      | Found a glowing silver altar of Zin.
  8007 | D:10     | Entered Level 10 of the Dungeon
  8033 | D:10     | Noticed an unseen horror
  8037 | D:10     | Killed an unseen horror
  8038 | D:10     | Reached skill level 5 in Shields
  8038 | D:10     | Reached XP level 11. HP: 76/79 MP: 14/14
  8539 | D:10     | Found a shadowy altar of Dithmenos.
  8600 | D:10     | Found Quweq's General Store.
  8630 | D:10     | Reached skill level 6 in Shields
  8716 | D:10     | Reached skill level 7 in Shields
  8924 | D:10     | Found a staircase to the Lair.
  9244 | Lair:1   | Entered Level 1 of the Lair of Beasts
  9403 | Lair:1   | Noticed an oklob plant
  9417 | Lair:1   | Killed an oklob plant
  9418 | Lair:1   | Identified the orb "Renaw" {*Rage, Harm Dex+3}
 10522 | Lair:2   | Noticed Harold
 10529 | Lair:2   | Killed Harold
 10556 | Lair:2   | Noticed an eight-headed hydra
 10566 | Lair:2   | Killed an eight-headed hydra
 10567 | Lair:2   | Reached XP level 12. HP: 41/93 MP: 10/16
 10954 | Lair:2   | Noticed a six-headed hydra
 10972 | Lair:2   | Killed a six-headed hydra
 11197 | Lair:2   | Reached ****** piety under Uskayaw
 11200 | Lair:2   | Noticed a death yak
 11204 | Lair:2   | Killed a death yak
 11205 | Lair:2   | Reached skill level 10 in Fighting
 11706 | Lair:2   | Noticed a four-headed hydra
 11714 | Lair:2   | Killed a four-headed hydra
 11715 | Lair:2   | Reached skill level 10 in Armour
 12269 | Lair:3   | Found a hole to the Spider Nest.
 12375 | Lair:3   | Reached skill level 15 in Axes
 12376 | Lair:3   | Reached XP level 13. HP: 103/103 MP: 18/18
 12707 | Lair:3   | Found a staircase to the Swamp.
 13251 | Lair:3   | Reached skill level 1 in Dodging
 13909 | Lair:4   | Found a dark tunnel.
 13921 | Volcano  | Entered a volcano
 15325 | Lair:5   | Entered Level 5 of the Lair of Beasts
 15475 | Lair:5   | Found a staircase to the Slime Pits.
 15475 | Lair:5   | Found a viscous altar of Jiyva.
 15479 | Lair:5   | Reached XP level 14. HP: 114/115 MP: 19/19
 15910 | Lair:5   | Reached skill level 5 in Evocations
 16722 | Lair:5   | Noticed a dire elephant
 16729 | Lair:5   | Reached skill level 10 in Invocations
 16731 | Lair:5   | Killed a dire elephant
 17219 | D:11     | Found a staircase to the Orcish Mines.
 17425 | D:11     | Reached skill level 15 in Armour
 17486 | D:11     | Identified 2 scrolls of acquirement
 17487 | D:11     | Acquired the +3 kite shield of the New World {Drain Dex+5}
 17502 | D:11     | Acquired the +1 executioner's axe "Hydra's Undoing" {venom,
                  | rPois Int+4}
 17675 | D:12     | Reached XP level 15. HP: 116/120 MP: 23/23
 17854 | D:12     | Noticed Fannar
 17870 | D:12     | Killed Fannar
 18491 | D:12     | Noticed Psyche
 18497 | D:12     | Killed Psyche
 18622 | D:12     | Reached skill level 8 in Shields
 18713 | Orc:1    | Entered Level 1 of the Orcish Mines
 18904 | Orc:2    | Entered Level 2 of the Orcish Mines
 18930 | Orc:2    | Found Zeerr's Mass Market.
 19374 | Orc:2    | Found an iron altar of Okawaru.
 19472 | Orc:2    | Noticed an orc warlord
 19478 | Orc:2    | Reached skill level 9 in Shields
 19479 | Orc:2    | Found a staircase to the Elven Halls.
 19489 | Orc:2    | Killed an orc warlord
 19584 | Orc:2    | Found Inwaecor's Assorted Antiques.
 19591 | Orc:2    | Reached skill level 10 in Shields
 19611 | Orc:2    | Reached skill level 11 in Shields
 19623 | Orc:2    | Found Esov's Antique Armour Shoppe.
 19738 | Orc:2    | Found Ydodgh's Antique Armour Shoppe.
 19740 | Orc:2    | Found Sikalilu's Assorted Antiques.
 19912 | Elf:1    | Entered Level 1 of the Elven Halls
 19921 | Elf:1    | Reached skill level 12 in Shields
 20091 | Elf:1    | HP: 3/120 [+0 halberd of venom (17)]
 20451 | D:13     | Reached skill level 13 in Shields
 20830 | D:13     | Reached skill level 14 in Shields
 20830 | D:13     | Reached XP level 16. HP: 102/127 MP: 25/25
 21093 | D:13     | Noticed an iron dragon
 21094 | D:13     | Noticed a fire giant
 21102 | D:13     | Killed an iron dragon
 21108 | D:13     | Killed a fire giant
 21243 | D:13     | Identified the ring of the Peasants {Ice rPois rCorr Dex+5
                  | Stlth-}
 21423 | D:13     | Found the +3 crown of Dyrovepreva {rElec Int+2 SInv}
 21571 | D:13     | Identified the +7 war axe "Usoun" {pain, +Blink rElec SInv}
 21723 | D:14     | Noticed Kirke
 21729 | D:14     | Killed Kirke
 21940 | D:14     | Found a gate to the Vaults.
 22323 | D:14     | Found an ornate altar of the Wu Jian Council.
 22323 | D:14     | Noticed Rupert
 22334 | D:14     | Killed Rupert
 22392 | D:14     | Noticed Frances
 22406 | D:14     | Killed Frances
 22671 | D:14     | Identified the ring "Qacextaw" {Str+4 Slay+4}
 22869 | D:15     | Entered Level 15 of the Dungeon
 23778 | D:15     | Found Ludghenlel's Overcharged Wands.
 23857 | D:15     | Found a staircase to the Depths.
 24237 | Swamp:1  | Entered Level 1 of the Swamp
 24239 | Swamp:1  | Noticed a fenstrider witch
 24248 | Swamp:1  | Killed a fenstrider witch
 24588 | Swamp:1  | Noticed Louise
 24607 | Swamp:1  | Killed Louise
 24683 | Swamp:1  | Reached XP level 17. HP: 38/133 MP: 19/26
 24910 | Swamp:1  | Identified the +3 hand axe of the Protecting Seer {freeze,
                  | rElec rPois}
 25068 | Swamp:1  | Noticed Condegh's ghost (journeyman TrMo)
 25069 | Swamp:1  | Found a runed translucent gate.
 25074 | Swamp:1  | Noticed a tentacled monstrosity
 25133 | Swamp:1  | Found a runed translucent gate.
 25133 | Swamp:1  | Found a runed translucent gate.
 25606 | Swamp:2  | Noticed a thorn hunter
 25614 | Swamp:2  | Killed a thorn hunter
 26577 | Swamp:3  | Noticed a thorn hunter
 26591 | Swamp:3  | Killed a thorn hunter
 27170 | Swamp:4  | Entered Level 4 of the Swamp
 27170 | Swamp:4  | Noticed a thorn hunter
 27177 | Swamp:4  | Killed a thorn hunter
 27633 | Swamp:4  | Noticed a tentacled monstrosity
 27642 | Swamp:4  | Killed a tentacled monstrosity
 27643 | Swamp:4  | Reached skill level 15 in Shields
 27713 | Swamp:4  | Noticed a thorn hunter
 27716 | Swamp:4  | HP: 2/139 [six-headed hydra (12)]
 27719 | Swamp:4  | Reached skill level 16 in Shields
 27719 | Swamp:4  | Killed a thorn hunter
 27743 | Swamp:4  | Reached XP level 18. HP: 26/146 MP: 15/27
 27757 | Swamp:3  | HP: 7/146 [poisoned by a swamp dragon (poison gas)]
 28285 | Swamp:3  | Reached skill level 17 in Shields
 28446 | Swamp:4  | Got a decaying rune of Zot
 28984 | Spider:1 | Entered Level 1 of the Spider Nest
 29349 | Spider:1 | Noticed Josephine
 29362 | Spider:1 | Killed Josephine
 29509 | Spider:1 | Identified the +0 scale mail of a treasure trove {Dex+7}
 29591 | Spider:1 | Reached skill level 15 in Fighting
 30049 | Spider:2 | Noticed Agnes
 30447 | Spider:2 | Killed Agnes
 30774 | Spider:2 | Reached skill level 1 in Stealth
 31338 | Spider:3 | Identified the +1 pair of boots of Ru's Reproof {Str+5
                  | Int+2}
 31383 | Spider:3 | Identified the +1 sling of Linearity {heavy, rC+ Str+3}
 31499 | Spider:4 | Entered Level 4 of the Spider Nest
 31508 | Spider:4 | Reached XP level 19. HP: 157/157 MP: 28/28
 31517 | Spider:4 | Reached skill level 5 in Stealth
 31537 | Spider:4 | Found a frozen archway.
 31660 | IceCv    | Entered an ice cave
 31990 | IceCv    | Got the Secrets of Radiant Inhalation
 32328 | Spider:4 | Reached skill level 15 in Invocations
 32343 | Spider:4 | Reached skill level 18 in Shields
 32747 | Spider:4 | Reached skill level 19 in Shields
 33259 | Spider:4 | Got a gossamer rune of Zot
 33764 | Elf:1    | Reached skill level 20 in Shields
 34277 | Elf:1    | Found Riavot's Jewellery Shop.
 34372 | Elf:1    | Reached XP level 20. HP: 164/164 MP: 31/31
 34737 | Elf:2    | Reached skill level 21 in Shields
 34928 | Elf:2    | Found a flickering gateway to a bazaar.
 34980 | Bazaar   | Entered a bazaar
 34983 | Bazaar   | Found Var Luack's Armour Emporium.
 34999 | Bazaar   | Found Quomi's Armour Emporium.
 35005 | Bazaar   | Found Zode Niu's Armour Shoppe.
 35016 | Bazaar   | Found Ukkomun's General Store.
 35019 | Bazaar   | Found Xuidem's Armour Shoppe.
 35022 | Bazaar   | Bought a wand of digging (3) for 163 gold pieces
 35593 | Elf:3    | Entered Level 3 of the Elven Halls
 35626 | Elf:3    | Reached skill level 22 in Shields
 35805 | Elf:3    | HP: 5/164 [deep elf sorcerer/damnation (36)]
 36155 | Elf:3    | Reached skill level 23 in Shields
 36936 | Elf:3    | Found a shimmering blue altar of Sif Muna.
 37094 | Elf:3    | Identified the +0 great sword of Ubiquitous Integrity
                  | {heavy, rPois Dex+6}
 37095 | Elf:3    | Reached skill level 24 in Shields
 37116 | Elf:3    | Killed from afar by a deep elf death mage

Illustrated notes

Levels and vault maps discovered:
D:1:      matt_arrival_grand_opening, layout_rooms
D:2:      layout_rooms, serial_forest, infiniplex_forest_corner_2,
          infiniplex_forest_lined_corner, infiniplex_forest_zigzag_1,
          infiniplex_forest_lined_room_3, infiniplex_forest_lined_2,
          infiniplex_forest_lined_2, infiniplex_forest_lined_3,
          infiniplex_forest_corner_1, basic_altar, st_stairs_5
D:3:      layout_loops_ring, tso_altar, nicolae_overflow_ecumenical_swirl,
          uniq_terence, uniq_sigmund
D:4:      layout_loops_corners, uniq_natasha
D:5:      minmay_angry_zag, layout_gridville, trog_antimagical, serial_shops,
          nicolae_shop_pleasant_corner_grove, shop, shop
D:6:      layout_basic, mainiacjoe_overflow_tiny_flanked, minivault_27,
          pf_guarded_unrand_delatra, uniq_crazy_yiuf_cottage
D:7:      layout_loops_ring, lemuel_temple_firewalk_b, serial_rivers,
          chequers_serial_rivers_small_b, chequers_serial_rivers_micro_d,
          chequers_serial_rivers_small_a, chequers_serial_rivers_marsh,
          chequers_serial_rivers_small_b, chequers_serial_rivers_small_3,
          nrook_mini_backslash
D:8:      kennysheep_kobold_camp, layout_gridville, serial_glass,
          glass_columns_a, glass_columns_b
D:9:      layout_stronghold, marbit_many_paths, vehumet_crystals,
          nicolae_zen_rock_garden, chequers_avenue
D:10:     layout_irregular_city, nicolae_dithmenos_through_a_glass_darkly,
          erik_lair_dragon, serial_shops, shop
D:11:     layout_cave_pools, orc_0_dummy
D:12:     layout_loops_corners, serial_glass, glass_columns_c, glass_columns_a,
          glass_columns_b, glass_columns_b, glass_columns_b, glass_columns_b,
          uniq_psyche, uniq_fannar
D:13:     minmay_the_grid_4x2 [minmay_the_grid_garden, minmay_the_grid_mess,
          minmay_the_grid_pillar_ring, minmay_the_grid_slots,
          minmay_the_grid_dragon_b, minmay_the_grid_stretched_grid,
          minmay_the_grid_square_x, minmay_the_grid_prize_diamond_cup],
          layout_basic
D:14:     layout_gridville, ximxim_vaults_locker_room, kennysheep_boxes,
          nicolae_wu_jian_immortal_techniques, uniq_rupert, uniq_frances,
          uniq_kirke
D:15:     grunt_enter_depths_snipers, layout_basic, serial_bayou_pond_a,
          nicolae_shop_overcharged_wands
Temple:   nicolae_temple_no_exploring_needed
Lair:1:   layout_small_grid, minmay_lair_oklob_items, minivault_19,
          serial_bayou_shore_b, serial_bayou_shore_b, grunt_megastairs_2,
          infiniplex_staircase_pool
Lair:2:   dreamdust_isle_of_ice, layout_cellular_growth,
          grunt_forest_large_clearings, uniq_harold
Lair:3:   layout_loops_ring, swamp_mist, spider_nest_entry_funnel_web
Lair:4:   layout_cellular_growth, enter_volcano_3, disabler_island
Lair:5:   hangedman_lair_in_review, layout_loops_ring,
          hangedman_lair_caniforms_friends, nicolae_slime_entry_field_trip
Swamp:1:  layout_basic_swamp, gammafunk_ghost_split, nicolae_swamp_tree_designs,
          uniq_louise
Swamp:2:  layout_basic_swamp, hangedman_swamp_ruin_wall
Swamp:3:  layout_basic_swamp, evilmike_swamp_ruin_house_4
Swamp:4:  swamp_alternative, layout_basic_swamp, swamp_pool1
Spider:1: layout_spider_delve, uniq_josephine
Spider:2: nicolae_spider_obnoxious_hallway, uniq_agnes
Spider:3: layout_spider_delve
Spider:4: hellmonk_spider_rune_bug_friends, portal_ice_cave_entry_dragon,
          spiders_nest_ghost_moth_duel
Orc:1:    layout_caves, basic_altar
Orc:2:    st_orc_elflike, layout_caves, basic_altar,
          dreamdust_deal_with_the_devil, minmay_shop_mass,
          nicolae_orc_lava_tube, okawaru_metal_pillars_1_2
Elf:1:    minmay_elf_arrival_circle, layout_onion_city, serial_shops,
          nicolae_shop_hallway_plus
Elf:2:    elven_hall_of_blades_hangedman_alternative
          [nicolae_blade_entry_splitting_headache], layout_loops_ring,
          serial_shops, bzr_entry_road, minivault_15, kilobyte_rumbling_trees
Elf:3:    minmay_elf_hall_spiked, layout_geoelf_grid,
          hangedman_elf_simple_split, serial_sigils_hangedman_quiver,
          lemuel_statue_altar, grunt_megastairs_5

Skill      XL: |  1  2  3  4  5  6  7  8  9 10 11 12 13 14 15 16 17 18 19 20 |
---------------+-------------------------------------------------------------+-----
Axes           | 3 4 5 7 8 9 11 13 14 15 16 17 19 20 | 20.0
Fighting       | 5 8 10 12 14 16 | 16.0
Armour         | 5 8 12 15 16 | 16.0
Evocations     | 3 6 8 |  8.0
Invocations    | 2 5 7 10 12 15 | 15.0
Shields        | 5 7 14 16 17 20 24 | 24.3
Dodging        | 3 |  3.0
Stealth        | 4 5 |  5.0

Action                     |  1- 3 |  4- 6 |  7- 9 | 10-12 | 13-15 | 16-18 | 19-21 || total
---------------------------+-------+-------+-------+-------+-------+-------+-------++-------
  Melee: War axe           |    70 |   106 |   235 |    80 |       |       |       ||   491
         Battleaxe         |       |       |       |   215 |   553 |   732 |   518 ||  2018
         Dire flail        |       |       |       |    16 |    13 |    54 |       ||    83
         Executioner's axe |       |       |       |       |   114 |       |       ||   114
         Unarmed           |       |       |       |       |       |     1 |       ||     1
 Invoke: Stomp             |       |       |     2 |       |     2 |     2 |       ||     6
         Line Pass         |       |       |     1 |    12 |    14 |    11 |     7 ||    45
         Grand Finale      |       |       |       |     1 |     6 |     7 |     8 ||    22
Ability: Dig               |       |       |       |       |     3 |       |       ||     3
  Evoke: Wand              |       |       |     1 |     1 |     5 |    13 |     1 ||    21
         Box of beasts     |       |       |       |     1 |     1 |     1 |       ||     3
         Phial of floods   |       |       |       |       |       |     2 |     1 ||     3
         Phantom mirror    |       |       |       |       |       |     2 |       ||     2
    Use: Scroll            |       |       |       |    14 |    12 |    11 |     7 ||    44
         Potion            |       |       |       |     1 |     9 |    12 |     8 ||    30
   Stab: Paralysed         |       |       |     1 |    42 |   109 |   141 |    73 ||   366
         Confused          |       |       |       |     4 |     4 |    12 |     2 ||    22
         Petrified         |       |       |       |       |     2 |       |       ||     2
         Invisible         |       |       |       |       |       |     1 |     2 ||     3
         Distracted        |       |       |       |       |       |     1 |       ||     1
 Armour: Scale mail        |    15 |       |       |       |       |       |       ||    15
         Chain mail        |    12 |    33 |       |       |       |       |       ||    45
         Plate armour      |       |    37 |   109 |   192 |   430 |   434 |   156 ||  1358
  Dodge: Dodged            |    17 |    38 |    58 |    97 |   232 |   219 |    74 ||   735
  Block: Buckler           |    18 |    21 |    49 |    58 |   116 |       |       ||   262
         Kite shield       |       |       |       |       |   171 |   605 |   344 ||  1120
